 Dungeon Crawl Stone Soup version 0.25-b1-46-gb8a1ec05df (webtiles) character file.

Game seed: 3285972516668722300

1704 H0rd4k the Cutter (level 9, 0/65 HPs)
             Began as a Human Artificer on June 9, 2020.
             Slain by a sky beast (6 damage)
             ... on level 6 of the Dungeon.
             The game lasted 00:07:08 (8546 turns).

H0rd4k the Cutter (Human Artificer)                 Turns: 8546, Time: 00:07:09

Health: 0/65       AC:  3    Str: 15    XL:     9   Next: 23%
Magic:  11/11      EV: 13    Int: 18    God:
Gold:   262        SH:  0    Dex: 14    Spells: 8/8 levels left

rFire    x . .     SeeInvis .   m - +2 short sword (elec)
rCold    + . .     Gourm    .   (no shield)
rNeg     . . .     Faith    .   b - +0 leather armour
rPois    .         Spirit   .   (no helmet)
rElec    .         Reflect  .   (no cloak)
rCorr    .         Harm     .   (no gloves)
MR       .....                  (no boots)
Stlth    ++........             (no amulet)
HPRegen  0.20/turn              y - ring of ice
MPRegen  0.12/turn              h - +6 ring of intelligence

@: starving, drained
A: no striking features
a: no special abilities


You were on level 6 of the Dungeon.
You were starving.

You visited 1 branch of the dungeon, and saw 6 of its levels.

You collected 262 gold pieces.

Inventory:

Hand Weapons
 a - a +0 short sword
 m - a +2 short sword of electrocution (weapon)
 o - a +0 dagger of venom
Missiles
 p - 8 atropa-tipped darts
 s - 15 poisoned darts (quivered)
Armour
 b - a +0 leather armour (worn)
 x - a cursed +0 chain mail
Jewellery
 h - a +6 ring of intelligence (right hand)
 y - a ring of ice (left hand)
 z - an uncursed amulet of faith
 C - an uncursed amulet of reflection {unknown}
Wands
 c - a wand of flame (12)
 d - a wand of enslavement (11)
 e - a wand of random effects (15)
Scrolls
 k - 3 scrolls of identify {unknown}
 l - a scroll of noise {unknown}
 n - a scroll of enchant weapon {unknown}
 q - 3 scrolls of remove curse {unknown}
 v - a scroll of immolation {unknown}
 w - 2 scrolls of teleportation {unknown}
 A - a scroll of fear {unknown}
 B - a scroll of magic mapping {unknown}
Potions
 g - 3 potions of curing
 i - 2 potions of berserk rage {unknown}
 j - 4 potions of stabbing {unknown}
 r - a potion of invisibility {unknown}
 t - 2 potions of flight {unknown}
 u - a potion of heal wounds {unknown}
Comestibles
 f - 10 rations


   Skills:
 + Level 4.1(3.0) Fighting
 + Level 7.0(5.9) Short Blades
 + Level 0.9(0.0) Throwing
 + Level 4.6(3.5) Armour
 + Level 4.7(3.7) Dodging
 + Level 3.1(2.1) Stealth
 + Level 3.7(2.6) Evocations


You had 8 spell levels left.
You didn't know any spells.
Your spell library contained the following spells:

 Spells                   Type           Power        Failure   Level  Hunger
 Animate Skeleton         Necr           N/A          26%         1    ##.....
 Apportation              Tloc           #.....       26%         1    ##.....
 Corona                   Hex            #......      26%         1    ##.....
 Summon Small Mammal      Summ           #...         26%         1    ##.....


Dungeon Overview and Level Annotations

Branches:
Dungeon (6/15)
 Temple: D:4-7

Altars:
Sif Muna

Annotations:
D:3 exclusion: 2 downstairs
D:4 exclusion: downstairs
D:5 2 transporters, Pagrim's ghost, amateur HOSk


Message History

You are starving!
You closely miss something. Something hits you. Something shocks you.
You miss something. Something hits you but does no damage.
You miss something. Something hits you but does no damage.
You barely miss something. Something hits you. Something shocks you.
* * * LOW HITPOINT WARNING * * *
You hit something but do no damage. You miss something.
Something hits you but does no damage.
You hit something. Something hits you.
* * * LOW HITPOINT WARNING * * *
Something shocks you.
* * * LOW HITPOINT WARNING * * *
You miss something. Something hits you.
* * * LOW HITPOINT WARNING * * *
Something shocks you.
* * * LOW HITPOINT WARNING * * *
You feel better. Something hits you.
* * * LOW HITPOINT WARNING * * *
Something shocks you.
You die...

.##...#####.....
...............
#####.#......[...# #......#
#...........####.. #......#
#...........# #.. #......#
#...........# #.. #......#
#...........#####. #......#
#...........#..... #......#
#@###########.#### #......#
#{# #..... ##......# #)#
#.....
........####)###########.....
....................)........
..........z......#######.####
##.......#.......# #####.....
....#....#.......# #.........
#####.####.......# #.........


There were no monsters in sight!

Vanquished Creatures
  2 phantoms (D:4)
  An ice beast (D:5)
  An ogre (D:5)
  A centaur (D:5)
  Blork the orc (D:5)
  A bullfrog (D:6)
  3 scorpions
  4 killer bees (D:6)
  A wight (D:6)
  2 howler monkeys
  2 crimson imps
  2 hounds (D:4)
  A jelly (D:6)
  2 orc priests
  2 orc wizards (D:4)
  A bullfrog skeleton (D:4)
  Jessica (D:3)
  2 iguanas
  2 worker ants
  3 gnolls (D:5)
  8 adders
  2 shadow imps
  2 oozes
  4 dart slugs
  3 worms
  4 leopard geckos
  17 orcs
  12 bats
  7 giant cockroaches
  9 goblins
  8 hobgoblins
  4 jackals (D:1)
  2 quokkas (D:6)
  A ball python (D:3)
  5 frilled lizards
  8 kobolds
  A leopard gecko skeleton (D:2)
  A leopard gecko zombie (D:5)
  2 quokka skeletons
  7 rats
142 creatures vanquished.

Vanquished Creatures (collateral kills)
  A wight (D:6)
1 creature vanquished.

Vanquished Creatures (others)
  A wight (D:6)
  6 plants (D:5)
7 creatures vanquished.

Grand Total: 150 creatures vanquished

Notes
Turn   | Place    | Note
-------+----------+-------------------------------------------
     0 | D:1      | H0rd4k the Human Artificer began the quest for the Orb.
     0 | D:1      | Reached XP level 1. HP: 15/15 MP: 3/3
   223 | D:1      | Reached XP level 2. HP: 12/21 MP: 4/4
   744 | D:1      | Reached XP level 3. HP: 25/26 MP: 5/5
  2006 | D:2      | Reached skill level 2 in Short Blades
  2006 | D:2      | Reached XP level 4. HP: 30/32 MP: 6/6
  2506 | D:2      | Reached skill level 1 in Armour
  3098 | D:2      | Reached XP level 5. HP: 30/37 MP: 7/7
  3360 | D:3      | Noticed Jessica
  3368 | D:3      | Killed Jessica
  4162 | D:3      | Reached XP level 6. HP: 44/44 MP: 8/8
  4538 | D:4      | Reached skill level 3 in Short Blades
  5071 | D:4      | Reached XP level 7. HP: 38/50 MP: 9/9
  5074 | D:4      | Reached skill level 4 in Short Blades
  6201 | D:4      | Reached skill level 5 in Short Blades
  6201 | D:4      | Reached XP level 8. HP: 54/57 MP: 10/10
  6310 | D:5      | Entered Level 5 of the Dungeon
  6631 | D:5      | Noticed Blork the orc
  6642 | D:5      | Killed Blork the orc
  6899 | D:5      | Reached skill level 6 in Short Blades
  7174 | D:5      | Found a transporter.
  7175 | D:5      | Found a transporter.
  7184 | D:5      | Noticed Pagrim's ghost (amateur HOSk)
  7184 | D:5      | Identified the ring of Jaleak {*Tele Str+4}
  7456 | D:5      | Found a shimmering blue altar of Sif Muna.
  7779 | D:6      | Reached XP level 9. HP: 54/65 MP: 11/11
  8235 | D:6      | Reached skill level 7 in Short Blades
  8544 | D:6      | HP: 2/65 [something (6)]
  8546 | D:6      | Slain by a sky beast

Illustrated notes

Levels and vault maps discovered:
D:1:      minmay_arrival_shoal_huts, layout_basic
D:2:      layout_loops_ring, first_ration
D:3:      layout_basic, hangedman_decor_diamond_cutter, uniq_jessica
D:4:      layout_cave_pools, minmay_puff
D:5:      layout_loops_ring, overflow_temple_1_default,
          gammafunk_ghost_gnarly_gnolls, uniq_blork_the_orc
D:6:      layout_basic

Skill      XL: |  1  2  3  4  5  6  7  8  9 |
---------------+----------------------------+-----
Short Blades   | 2 3 5 6 7 |  7.0
Armour         | 1 2 3 4 |  4.6
Dodging        | 3 4 |  4.7
Stealth        | 2 3 |  3.1
Fighting       | 2 3 4 |  4.1
Throwing       | |  0.9
Evocations     | |  3.7

Action                   |  1- 3 |  4- 6 |  7- 9 || total
-------------------------+-------+-------+-------++-------
Melee: Short sword       |   117 |   158 |   233 ||   508
Throw: Dart              |       |       |     6 ||     6
Evoke: Wand              |     3 |       |     4 ||     7
  Use: Potion            |       |       |     3 ||     3
 Stab: Sleeping          |       |     4 |       ||     4
  Eat: Chunk             |     3 |    10 |     9 ||    22
Armor: Leather armour    |    28 |    17 |    31 ||    76
Dodge: Dodged            |    85 |    99 |   113 ||   297
